AoeStats
← 你备用金还了吗

Arabia

506424104Analyzed
1v1 RM · 17d ago on Sep 13, 2026· 54m 14s· 2 players
Game mode
Random Map
Map size
Tiny (2 player)
Population
200
Speed
Normal
Resources
Standard
Victory
Conquest
Starting age
Dark Age
Ending age
Imperial Age
RankedLock teamsTeams togetherTeam positionsShared explorationLock speedFull tech treeHidden civsTurbo modeCheats
Victory
Defeat
🇨🇳 Muisca · China
641
+15
🇧🇷 Maya · Brazil
628
-15
Bacon
0:27 Loom
9:29 Feudal Age
11:04 Double-Bit Axe
21:18 Castle Age
20:04 Fletching
20:53 Gold Mining
20:56 Stone Mining
21:03 Stone Mining
22:05 Bodkin Arrow
23:45 Bow Saw
24:04 Crossbowman
27:32 Wheelbarrow
27:00 Scale Mail Armor
27:02 Padded Archer Armor
29:47 Ballistics
30:38 Hand Cart
31:37 Leather Archer Armor
34:10 Squires
33:32 Eagle Warrior
38:11 Imperial Age
38:36 Chain Mail Armor
38:31 Forging
38:46 Thumb Ring
41:12 Iron Casting
41:07 Plate Mail Armor
40:08 Arbalester
41:08 Bracer
41:38 Ring Archer Armor
43:21 Two-Man Saw
43:23 Elite Skirmisher
46:30 Chemistry
45:38 Hul'che Javelineers
49:10 Elite Eagle Warrior
你备用金还了吗
8:40 Loom
10:27 Feudal Age
12:13 Horse Collar
12:19 Double-Bit Axe
12:18 Horse Collar
21:08 Castle Age
21:13 Fletching
21:25 Padded Archer Armor
22:52 Heavy Plow
23:03 Bow Saw
23:38 Wheelbarrow
23:38 Crossbowman
24:32 Champi Runner
27:28 Forging
27:16 Bodkin Arrow
27:22 Elite Skirmisher
32:33 Treadmill Crane
34:13 Leather Archer Armor
38:12 Imperial Age
37:20 Scale Mail Armor
38:10 Thumb Ring
40:37 Two-Man Saw
40:07 Crop Rotation
42:10 Conscription
42:06 Arbalester
43:02 Bracer
44:17 Ballistics
44:59 Chemistry
44:20 Elite Guecha Warrior
45:44 Hand Cart
46:24 Capped Ram
47:39 Gold Mining
Connection lost

Rejoining the realm…

Still unreachable

The connection could not be restored.

Session expired

The server has moved on; the page needs a fresh start.